AoeStats
← perromelocoton

MegaRandom

505025672Analyzed
1v1 RM · 23d ago on Sep 7, 2026· 35m 11s· 2 players
Game mode
Random Map
Map size
Tiny (2 player)
Population
200
Speed
Normal
Resources
Standard
Victory
Conquest
Starting age
Dark Age
Ending age
Imperial Age
RankedLock teamsTeams togetherTeam positionsShared explorationLock speedFull tech treeHidden civsTurbo modeCheats
Victory
Defeat
🇪🇸 Gurjaras · Spain
850
+16
🇪🇸 Mapuche · Spain
849
-16
BosEngel
4:07 Loom
10:45 Feudal Age
10:32 Loom
12:26 Double-Bit Axe
12:25 Horse Collar
21:12 Castle Age
20:40 Stone Mining
20:58 Fletching
21:05 Gold Mining
23:51 Bow Saw
23:43 Heavy Plow
29:28 Ballistics
33:33 Wheelbarrow
32:47 Town Watch
36:11 Imperial Age
35:26 Stone Shaft Mining
35:27 Hand Cart
perromelocoton
2:21 Loom
2:36 Loom
10:05 Feudal Age
11:27 Wheelbarrow
13:16 Double-Bit Axe
14:59 Horse Collar
18:38 Castle Age
19:12 Gold Mining
20:08 Fletching
20:25 Heavy Plow
20:16 Elite Skirmisher
22:09 Thumb Ring
23:04 Bow Saw
23:33 Padded Archer Armor
24:39 Bodkin Arrow
31:24 Imperial Age
30:04 Ballistics
31:21 Masonry
31:39 Leather Archer Armor
31:55 Crossbowman
33:12 Elite Elephant Archer
35:44 Bracer
Connection lost

Rejoining the realm…

Still unreachable

The connection could not be restored.

Session expired

The server has moved on; the page needs a fresh start.